 Dungeon Crawl Stone Soup version 0.21.1-1-g345015f (webtiles) character file.

507 diana the Cleaver (level 6, -1/53 HPs)
             Began as a Minotaur Fighter on May 27, 2018.
             Killed by divine providence
             ... invoked by an orc priest
              (16 damage)
             ... on level 4 of the Dungeon.
             The game lasted 00:06:20 (3385 turns).

diana the Cleaver (Minotaur Fighter)                Turns: 3385, Time: 00:06:20

Health: -1/53      AC:  6    Str: 23    XL:     6   Next: 97%
Magic:  5/5        EV:  9    Int:  5    God:
Gold:   177        SH:  9    Dex:  9    Spells: 5/5 levels left

rFire    x . .     SeeInvis .   a - +0 war axe
rCold    + + .     Gourm    .   c - +0 shield
rNeg     . . .     Faith    .   o - +0 leather armour
rPois    .         Spirit   .   (helmet restricted)
rElec    .         Reflect  .   u - +1 cloak {+Inv}
rCorr    .         Harm     +   (no gloves)
MR       .....                  e - +0 pair of boots
Stlth    +.........             g - amulet of harm
HPRegen  0.17/turn              h - ring of ice
MPRegen  0.09/turn              p - ring of protection from cold

@: lethally poisoned (-1 -> -2)
A: retaliatory headbutt, horns 2
a: Evoke Invisibility


You were on level 4 of the Dungeon.
You were hungry.

You visited 1 branch of the dungeon, and saw 4 of its levels.

You collected 177 gold pieces.

Inventory:

Hand Weapons
 a - a +0 war axe (weapon)
Armour
 b - a +0 scale mail
 c - a +0 shield (worn)
 e - a +0 pair of boots (worn)
 o - a +0 leather armour (worn)
 u - a +1 cloak of invisibility (worn)
Jewellery
 g - an amulet of harm (around neck)
 h - a ring of ice (left hand)
 p - a ring of protection from cold (right hand)
Wands
 w - a wand of iceblast (5)
Scrolls
 i - a scroll of teleportation {unknown}
 k - a scroll of amnesia
 l - a scroll of enchant armour
 m - 2 scrolls of remove curse
 q - a scroll of magic mapping {unknown}
 x - a scroll of random uselessness {unknown}
 y - a scroll of enchant weapon {unknown}
Potions
 d - 2 potions of might
 j - a potion of curing
 n - a potion of brilliance
 r - 2 potions of lignification
 s - a potion of berserk rage {unknown}
 t - a potion of haste {unknown}
 v - 2 potions of flight {unknown}
 A - a potion of degeneration {unknown}
Comestibles
 f - 3 rations


   Skills:
 - Level 4.4 Fighting
 + Level 8.3 Axes
 - Level 4.2 Armour
 - Level 0.2 Dodging
 - Level 4.0 Shields


You had 5 spell levels left.
You didn't know any spells.

Dungeon Overview and Level Annotations

Branches:
Dungeon (4/15)
 Temple: D:4-7

Altars:

Annotations:
D:4 kae's ghost, amateur OpTm


Innate Abilities, Weirdness & Mutations

You reflexively headbutt those who attack you in melee.
You have a pair of horns on your head.


Message History

You barely miss the orc.
The orc is moderately wounded.
The orc hits you but does no damage. You block the orc's attack.
You slash the orc!
You kill the orc!
The orc priest mumbles some strange prayers to Beogh against you.
Beogh smites you!
You hit kae's ghost.
Kae's ghost is lightly damaged.
You feel sick. Kae's ghost barely misses you.
You closely miss kae's ghost. You headbutt kae's ghost.
Kae's ghost is moderately damaged.
The orc priest mumbles some strange prayers to Beogh against you.
Beogh smites you!
* * * LOW HITPOINT WARNING * * *
Kae's ghost barely misses you. You furiously retaliate!
You headbutt kae's ghost.
The orc priest calls down the wrath of Beogh upon you.
Beogh smites you!
You die...

#.# #.# #.#
#.# #### #.#
..... #.#
......#.######
......ooooOW@#
......########
..o.. ...o ..o
.. .


You could see an orc warrior, an ogre, 2 orc priests, kae's ghost and an orc.

Vanquished Creatures
  Sigmund (D:3)
  A howler monkey (D:4)
  Crazy Yiuf (D:2)
  Ijyb (D:3)
  Natasha (thrice) (D:3)
  A worker ant (D:4)
  Robin (D:2)
  A gnoll (D:4)
  3 adders
  2 oozes
  4 worms
  5 dart slugs
  3 leopard geckos
  An orc (D:4)
  A ball python (D:1)
  4 giant cockroaches
  14 goblins
  14 hobgoblins
  2 quokkas
  8 bats
  4 frilled lizards
  6 kobolds
  9 rats
90 creatures vanquished.

Notes
Turn   | Place    | Note
-------+----------+-------------------------------------------
     0 | D:1      | diana the Minotaur Fighter began the quest for the Orb.
     0 | D:1      | Reached XP level 1. HP: 19/19 MP: 0/0
    96 | D:1      | Reached XP level 2. HP: 24/27 MP: 1/1
   301 | D:1      | Reached skill level 3 in Axes
   346 | D:1      | Reached XP level 3. HP: 32/33 MP: 2/2
   876 | D:2      | Reached skill level 4 in Axes
   924 | D:2      | Reached XP level 4. HP: 39/40 MP: 3/3
   949 | D:2      | Noticed Robin
   967 | D:2      | Killed Robin
  1370 | D:2      | Found a runed door.
  1758 | D:2      | Noticed Crazy Yiuf
  1771 | D:2      | Killed Crazy Yiuf
  1771 | D:2      | Reached skill level 5 in Axes
  1771 | D:2      | Reached XP level 5. HP: 4/47 MP: 4/4
  2385 | D:3      | Noticed Ijyb
  2390 | D:3      | Killed Ijyb
  2502 | D:3      | Noticed Natasha
  2505 | D:3      | Killed Natasha
  2505 | D:3      | Reached skill level 6 in Axes
  2553 | D:3      | Noticed Natasha
  2553 | D:3      | Noticed Sigmund
  2560 | D:3      | Killed Natasha
  2561 | D:3      | Killed Sigmund
  2561 | D:3      | Reached skill level 7 in Axes
  2561 | D:3      | Reached XP level 6. HP: 10/53 MP: 5/5
  2607 | D:3      | Noticed Natasha
  2624 | D:3      | Killed Natasha
  3365 | D:4      | Reached skill level 8 in Axes
  3370 | D:4      | Noticed kae's ghost (amateur OpTm)
  3371 | D:4      | Noticed an orc warrior
  3385 | D:4      | Killed from afar by an orc priest

Skill      XL: |  1  2  3  4  5  6 |
---------------+-------------------+-----
Fighting       | 4 |  4.4
Armour         | 4 |  4.2
Axes           | 3 4 5 7 8 |  8.3
Shields        | 4 |  4.0
Dodging        | |  0.2

Action                   |  1- 3 |  4- 6 || total
-------------------------+-------+-------++-------
Melee: War axe           |    82 |   120 ||   202
       Headbutt          |    10 |    20 ||    30
  Use: Scroll            |       |     7 ||     7
  Eat: Chunk             |       |     4 ||     4
       Ration            |       |     1 ||     1
Armor: Scale mail        |    37 |    16 ||    53
       Leather armour    |       |    12 ||    12
Dodge: Dodged            |    20 |    36 ||    56
Block: Shield            |    38 |    69 ||   107
